 Dungeon Crawl Stone Soup version 0.31-a0-233-g139696dc86 (webtiles) character file.

Game seed: 3945509051720831733

79 qw the Shooter (level 4, -2/36 HPs)
             Began as a Minotaur Hexslinger on July 7, 2023.
             Slain by a kobold
             ... wielding a +0 dagger
              (3 damage)
             ... on level 2 of the Dungeon.
             The game lasted 00:00:35 (1174 turns).

qw the Shooter (Minotaur Hexslinger)                Turns: 1174, Time: 00:00:36

Health: -2/36      AC:  2    Str: 13    XL:     4   Next: 17%
Magic:  4/4        EV: 12    Int: 10    God:
Gold:   76         SH:  0    Dex: 14    Spells: 4/5 levels left

rFire   . . .        Y - +1 sling
rCold   . . .        (no shield)
rNeg    . . .        c - +0 robe
rPois   .            (helmet restricted)
rElec   .            (no cloak)
rCorr   .            (no gloves)
SInv    .            (no boots)
Will    .....        (no amulet)
Stlth   +            (no ring)
HPRegen 0.26/turn    (no ring)
MPRegen 0.09/turn

%: no passive effects
@: lethally poisoned (-2 -> -5)
A: horns 2, retaliatory headbutt
a: no special abilities


You were on level 2 of the Dungeon.
You visited 1 branch of the dungeon, and saw 2 of its levels.

You collected 76 gold pieces.


Innate Abilities, Weirdness & Mutations

You have a pair of horns on your head.
You reflexively headbutt those who attack you in melee.


   Skills:
 - Level 2.0 Fighting
 + Level 4.7 Ranged Weapons
 - Level 2.1 Dodging
 - Level 1.0 Spellcasting
 - Level 2.0 Hexes


You had 4 spell levels left.
You knew the following spells:

 Your Spells              Type           Power      Damage    Failure   Level
a - Slow                  Hex            16%        N/A       16%         1

Your spell library contained the following spells:

 Spells                   Type           Power      Damage    Failure   Level
 Inner Flame              Hex/Fire       2%         N/A       56%         3
 Portal Projectile        Hex/Tloc       4%         N/A       56%         3
 Cause Fear               Hex            2%         N/A       83%         4

Inventory:

Hand Weapons
 Y - a +1 sling (weapon)
Armour
 c - a +0 robe (worn)
 d - a +0 leather armour
 e - a +1 hat of willpower
 i - a +0 pair of gloves
Scrolls
 a - 2 scrolls of teleportation
 b - a scroll of revelation {unknown}
Potions
 f - a potion of curing {unknown}
 g - a potion of mutation {unknown}
 h - a potion of degeneration {unknown}

Dungeon Overview and Level Annotations

Branches:
Dungeon (2/15)

Altars:

Annotations:
D:2 Sigmund


Message History

You shoot a sling bullet. The sling bullet hits Sigmund.
Sigmund is moderately wounded.
You shoot a sling bullet. The kobold shouts!
The sling bullet hits Sigmund.
Sigmund is moderately wounded.
You shoot a sling bullet. The sling bullet hits Sigmund!
Sigmund is heavily wounded.
Sigmund points at you and mumbles some strange words.
You are confused.
An adder comes into view.
Sigmund points at you and mumbles some strange words.
You are more confused.
The adder hisses angrily.
Sigmund barely misses you.
Sigmund drinks a potion.
Sigmund is healed!
Sigmund completely misses you. Sigmund barely misses you.
The kobold hits you with a +0 dagger. The adder bites you.
The adder closely misses you. The kobold closely misses you.
Sigmund misses you. The adder bites you. The kobold hits you with a +0 dagger.
The adder closely misses you. Sigmund closely misses you.
The kobold hits you with a +0 dagger. The adder barely misses you.
The adder misses you. The kobold hits you with a +0 dagger.
Sigmund closely misses you. The adder bites you.
You are poisoned.
The adder poisons you! The kobold hits you with a +0 dagger.
You feel sick. The adder bites you but does no damage.
Sigmund hits you from afar with a +0 scythe!
The kobold barely misses you.
You feel sick. The adder barely misses you.
The kobold hits you but does no damage.
You feel less confused.
You feel sick. The adder bites you but does no damage.
Sigmund mumbles some strange words.
Sigmund flickers and vanishes!
Deactivating autopickup; reactivate with Ctrl-A.
The adder bites you. The kobold hits you with a +0 dagger.
You die...

. # .. .. #. .#
#.## ##.# .{###%.
##.#K##
.##.##..@S.##.##
.................
...###..########
. #.## #.# #.#
#.# #.# #.#####.#


You could see an adder and a kobold.

Vanquished Creatures
  3 adders (D:2)
  A worm (D:2)
  6 endoplasms
  3 giant cockroaches
  5 goblins
  3 hobgoblins (D:1)
  7 kobolds
  2 quokkas (D:1)
  3 ball pythons
  6 bats
  3 frilled lizards (D:1)
  4 rats
46 creatures vanquished.

Notes
Turn   | Place    | Note
-------+----------+-------------------------------------------
     0 | D:1      | qw the Minotaur Hexslinger began the quest for the Orb.
     0 | D:1      | Reached XP level 1. HP: 16/16 MP: 1/1
     0 | D:1      | 0 ||| qw: Version: 0.3-a-46-gb1f654a
     0 | D:1      | 0 ||| qw: Game counter: 3035
     0 | D:1      | 0 ||| qw: Melee chars always use a shield: true
     0 | D:1      | 0 ||| qw: God list: Okawaru
     0 | D:1      | 0 ||| qw: Allow faded altars: false
     0 | D:1      | 0 ||| qw: Do Orc after clearing Dungeon:15 true
     0 | D:1      | 0 ||| qw: Do second Lair branch before Depths: true
     0 | D:1      | 0 ||| qw: Lair rune preference: random
     0 | D:1      | 0 ||| qw: Goals: Normal
     0 | D:1      | 0 ||| PLANNING D:1-11
   121 | D:1      | Reached skill level 3 in Ranged Weapons
   121 | D:1      | Reached XP level 2. HP: 23/23 MP: 2/2
   410 | D:1      | Reached XP level 3. HP: 28/29 MP: 3/3
   733 | D:1      | 733 ||| READING 2 scrolls labelled KUTWAIPLOKI.
   738 | D:1      | 738 ||| DRINKING 3 smoky yellow potions.
   739 | D:1      | 739 ||| DROPPING scroll of poison.
   740 | D:1      | 740 ||| DROPPING 2 potions of invisibility.
   851 | D:2      | Reached skill level 4 in Ranged Weapons
  1053 | D:2      | Reached XP level 4. HP: 32/36 MP: 4/4
  1053 | D:2      | 1053 ||| FLEEEEING.
  1054 | D:2      | 1054 ||| FLEEEEING.
  1070 | D:2      | 1070 ||| FLEEEEING.
  1153 | D:2      | Noticed Sigmund
  1172 | D:2      | HP: 4/36 [Sigmund/+0 scythe (9)]
  1174 | D:2      | HP: 1/36 [adder (1)]
  1174 | D:2      | Slain by a kobold

Levels and vault maps discovered:
D:1:      lightli_arrival_chessboard, layout_basic
D:2:      layout_loops_ring, minmay_ruptured, uniq_sigmund, uniq_terence

Skill      XL: |  1  2  3 |
---------------+----------+-----
Ranged Weapons | 3 4 |  4.7
Fighting       | 2 |  2.0
Dodging        | |  2.1
Spellcasting   | |  1.0
Hexes          | |  2.0

Action                     |  1- 3 |  4- 6 || total
---------------------------+-------+-------++-------
   Fire: Sling             |   123 |    17 ||   140
    Use: Scroll            |     1 |       ||     1
         Potion            |     1 |       ||     1
 Armour: Robe              |     6 |     3 ||     9
  Dodge: Dodged            |    35 |    14 ||    49

Table legend:
 A = Non-vault XP
 B = Vault XP
 C = Vault XP percentage of total XP
 D = Non-vault monster count
 E = Vault monster count
 F = Vault count percentage of total count
                 A         B        C        D         E       F
            +---------+---------+-------+---------+---------+-------
      Total |      93 |      21 |  18.4 |      42 |       4 |   8.7
            +---------+---------+-------+---------+---------+-------
        D:1 |      50 |       0 |   0.0 |      30 |       0 |   0.0
        D:2 |      43 |      21 |  32.8 |      12 |       4 |  25.0
            +---------+---------+-------+---------+---------+-------
